 Dungeon Crawl Stone Soup version 0.20.1-1-g8b1a95d (webtiles) character file.

189 slep the Skirmisher (level 5, -2/43 HPs)
             Began as a Demonspawn Abyssal Knight on Oct 25, 2017.
             Was a Believer of Lugonu.
             Slain by a steam dragon (8 damage)
             ... on level 3 of the Dungeon.
             The game lasted 00:11:52 (2704 turns).

slep the Skirmisher (Demonspawn Abyssal Knight)     Turns: 2704, Time: 00:11:52

Health: -2/43      AC:  4    Str: 14    XL:     5   Next: 40%
Magic:  6/6        EV: 12    Int: 13    God:    Lugonu [**....]
Gold:   141        SH:  0    Dex: 12    Spells: 4/4 levels left

rFire    . . .     SeeInvis .   m - +0 war axe
rCold    . . .     Gourm    .   (no shield)
rNeg     . . .     Faith    .   b - +0 leather armour
rPois    .         Spirit   .   (no helmet)
rElec    .         Reflect  .   (no cloak)
rCorr    +         Harm     .   (no gloves)
MR       .....                  (no boots)
Stlth    ++........             (no amulet)
Regen    0.2/turn               h - ring of stealth
MPRegen  0.1/turn               n - ring of resist corrosion

@: no status effects
A: rugged brown scales 1, spiny 1
a: Depart the Abyss, Bend Space, Renounce Religion


You were on level 3 of the Dungeon.
You worshipped Lugonu.
Lugonu was pleased with you.
You were not hungry.

You visited 1 branch of the dungeon, and saw 3 of its levels.
You visited the Abyss 1 time.

You collected 141 gold pieces.

Inventory:

Hand Weapons
 a - a +1 falchion
 m - a +0 war axe (weapon)
 q - a cursed -2 dagger
Missiles
 s - 7 tomahawks (quivered)
Armour
 b - a +0 leather armour (worn)
Jewellery
 h - a ring of stealth (left hand)
 n - a ring of resist corrosion (right hand)
Scrolls
 d - a scroll of enchant weapon {unknown}
 e - 2 scrolls of identify {unknown}
 l - a scroll of enchant armour {unknown}
 o - 2 scrolls of magic mapping {unknown}
 r - 3 scrolls of immolation {unknown}
 u - 2 scrolls of remove curse {unknown}
 v - a scroll of random uselessness {unknown}
Potions
 g - a potion of invisibility {unknown}
 i - 2 potions of curing
 k - a potion of might {unknown}
 p - 2 potions of degeneration {unknown}
 t - a potion of mutation {unknown}
Comestibles
 c - a bread ration
 f - 4 fruits
 j - a royal jelly
 w - 4 chunks of flesh


   Skills:
 + Level 3.7 Fighting
 + Level 2.2 Long Blades
 + Level 2.4 Axes
 + Level 2.8 Armour
 + Level 1.8 Dodging
 + Level 1.0 Stealth
 + Level 2.6 Invocations


You had 4 spell levels left.
You didn't know any spells.

Dungeon Overview and Level Annotations

Branches:
Dungeon (3/15)

Altars:
Ashenzari
Sif Muna
Xom


Innate Abilities, Weirdness & Mutations

You are partially covered in rugged brown scales. (AC +1, +3% HP)
You are partially covered in sharp spines.


Message History

The steam dragon completely misses you. The goblin misses you.
The steam dragon bites you. The steam dragon closely misses you.
The goblin is struck by your spines.
You kill the goblin!
Lugonu accepts your kill.
You slash the steam dragon!
The steam dragon is heavily wounded.
The steam dragon bites you but does no damage.
The steam dragon misses you.
You hit the steam dragon.
The steam dragon is heavily wounded.
The steam dragon breathes steam at you. The ball of steam hits you!
The steam dragon closely misses you. The steam dragon claws you.
You closely miss the steam dragon.
The steam dragon is heavily wounded.
You are engulfed in a cloud of scalding steam.
* * * LOW HITPOINT WARNING * * *
The steam dragon bites you!
You die...

### .. ##.### .# #....#
####.######....#####
#..............#...#
#......# #....D....#
#......# #....@....#
#......# #....§..###
#......# #....§..#####
#......# #.#.#.§.....#
#.##'#####.#.#.......#
#.##.#.....#.#.......#
###.##.#.....#.#(......#
......................>#
.#.#...#....#..#.......#


You could see a steam dragon.

Vanquished Creatures
  Natasha (twice) (D:2)
  5 adders
  2 oozes (D:1)
  5 worms
  2 dart slugs (D:2)
  A leopard gecko (D:1)
  4 orcs (D:3)
  3 giant cockroaches
  11 goblins
  5 hobgoblins
  A jackal (D:3)
  A quokka (D:2)
  8 bats
  5 frilled lizards
  5 kobolds
  10 rats
70 creatures vanquished.

Vanquished Creatures (others)
  11 starspawn tentacles (Abyss:2)
11 creatures vanquished.

Grand Total: 81 creatures vanquished

Notes
Turn   | Place    | Note
-------+----------+-------------------------------------------
     0 | Abyss:1  | slep the Demonspawn Abyssal Knight began the quest for the Orb.
     0 | Abyss:1  | Reached XP level 1. HP: 18/18 MP: 2/2
    16 | Abyss:1  | Noticed a large abomination
    44 | Abyss:2  | Found a corrupted altar of Lugonu.
    77 | Abyss:2  | Noticed a tentacled starspawn
   110 | Abyss:2  | Noticed a small abomination
   110 | Abyss:2  | Noticed a large abomination
   114 | Abyss:2  | Noticed a raiju
   130 | D:1      | Escaped the Abyss
   247 | D:1      | Reached skill level 1 in Dodging
   247 | D:1      | Gained mutation: You are partially covered in sharp spines. [demonic ancestry]
   247 | D:1      | Reached XP level 2. HP: 9/24 MP: 3/3
   698 | D:1      | Reached XP level 3. HP: 26/29 MP: 4/4
   701 | D:1      | Reached * piety under Lugonu
   806 | D:2      | Found a deep blue altar of Sif Muna.
   877 | D:2      | Found a shimmering altar of Xom.
  1099 | D:2      | Noticed Natasha
  1107 | D:2      | Killed Natasha
  1107 | D:2      | Reached skill level 1 in Axes
  1107 | D:2      | Gained mutation: You are partially covered in rugged brown scales. (AC +1, +3% HP) [demonic ancestry]
  1107 | D:2      | Reached XP level 4. HP: 4/37 MP: 5/5
  1113 | D:2      | Noticed Natasha
  1122 | D:2      | HP: 1/37 [Natasha/magic dart (5)]
  1439 | D:2      | Killed Natasha
  1836 | D:3      | Found a shattered altar of Ashenzari.
  1906 | D:3      | Reached XP level 5. HP: 35/42 MP: 6/6
  1910 | D:3      | Reached ** piety under Lugonu
  2010 | D:3      | Reached skill level 1 in Stealth
  2697 | D:3      | Noticed a steam dragon
  2704 | D:3      | Slain by a steam dragon

Skill      XL: |  1  2  3  4  5 |
---------------+----------------+-----
Armour         | 2 |  2.8
Dodging        | 1 |  1.8
Long Blades    | 2 |  2.2
Axes           | 1 2 |  2.4
Stealth        | 1 |  1.0
Fighting       | |  3.7
Invocations    | |  2.6

Action                   |  1- 3 |  4- 6 || total
-------------------------+-------+-------++-------
Melee: Falchion          |    75 |       ||    75
       War axe           |    23 |    51 ||    74
Invok: Depart the Abyss  |     1 |       ||     1
 Stab: Sleeping          |     6 |     2 ||     8
  Eat: Chunk             |     1 |     5 ||     6
Armor: Leather armour    |    39 |    14 ||    53
Dodge: Dodged            |    45 |    28 ||    73
       Rpst.: Falchion   |    11 |       ||    11
